Map: 凯罗斯中转站-天梯版

Players

Elazer

  • Race: Zerg Zerg

Has - Winner!

  • Race: Protoss Protoss

Event: WESG 2018 Grand Finals

VOD

Have the link to the VOD?

Description

Time

  • Played on: March 11, 2019, 8:14 a.m.
  • Length: 9:08

All games in this series

Show
View Real Time Build Order
Export as new Build Order

Elazer Zerg 

Build Orders: Pool First 

Get SALT Encoding   

  12  0:00  Drone  
  13  0:12  Overlord  
  13  0:16  Drone  
  14  0:30  Drone x2  
  14  0:35  Drone  
  17  0:44  Extractor  
  17  0:45  Drone  
  17  0:49  Spawning Pool  
  16  0:55  Drone  
  17  1:14  Hatchery  
  17  1:18  Drone  
  17  1:26  Drone  
  18  1:35  Queen  
  18  1:37  Zergling x2  
  21  1:45  Metabolic Boost  
  21  1:52  Overlord  
  21  2:00  Drone  
  22  2:12  Drone  
  23  2:16  Zergling x2  
  23  2:22  Lair  
  24  2:25  Zergling x2  
  24  2:27  Queen  
  27  2:35  Zergling x4  
  29  2:43  Overlord  
  29  2:46  Zergling x4  
  29  2:50  Zergling x4  
  32  2:59  Zergling x4  
  32  3:00  Zergling x2  
  35  3:14  Zergling x4  
  36  3:20  Nydus Network  
  36  3:23  Zergling x4  
  37  3:28  Zergling x4  
  38  3:34  Zergling x2  
  38  3:35  Zergling x2  
  39  3:41  Zergling x4  
  39  3:56  Nydus Canal  
  39  3:58  Queen  
  39  4:00  Zergling x2  
  39  4:01  Zergling x2  
  43  4:07  Zergling x2  
  43  4:09  Nydus Canal  
  42  4:12  Zergling x2  
  42  4:15  Zergling x2  
  44  4:23  Nydus Canal  
  44  4:30  Zergling x6  
  43  4:33  Zergling x2  
  40  4:42  Zergling x2  
  38  4:46  Zergling x4  
  34  5:02  Zergling x4  
  34  5:07  Queen, Zergling x4  
  38  5:15  Queen  
  38  5:16  Zergling x2  
  41  5:22  Nydus Canal  
  41  5:23  Zergling x2  
  41  5:27  Zergling x2  
  42  5:32  Zergling x2  
  43  5:48  Zergling x4  
  43  5:51  Queen  
  43  5:53  Queen  
  42  5:57  Zergling x2  
  42  6:03  Zergling x6  
  41  6:11  Zergling x2, Nydus Canal  
  38  6:12  Zergling x2  
  40  6:23  Zergling x2  
  40  6:24  Zergling x2  
  42  6:26  Nydus Canal  
  42  6:31  Zergling x2  
  43  6:39  Zergling x2  
  43  6:49  Zergling x2  
  43  6:50  Nydus Canal  
  43  6:53  Queen  
  43  6:56  Zergling x2  
  41  7:04  Zergling x2  
  41  7:05  Zergling x4  
  43  7:11  Nydus Canal  
  43  7:14  Zergling x2  
  44  7:22  Zergling x4  
  40  7:23  Zergling x4  
  41  7:31  Zergling x4  
  42  7:37  Zergling x4  
  43  7:48  Overlord  
  43  7:49  Queen  
  43  7:55  Nydus Canal  
  43  7:57  Queen  
  43  7:59  Zergling x2  
  43  8:05  Zergling x4  
  41  8:10  Zergling x4  
  40  8:21  Zergling x8  
  44  8:28  Zergling x2  
  41  8:38  Zergling x2  
  37  8:42  Zergling x4  
Show
View Real Time Build Order
Export as new Build Order

Has Protoss - Winner!

Build Orders: 1 Gate Expand 

Get SALT Encoding   

  12  0:00  Probe  
  13  0:12  Probe  
  14  0:19  Pylon  
  14  0:24  Probe  
  15  0:33  Probe  
  15  0:39  Gateway  
  15  0:41  Probe  
  16  0:49  Assimilator  
  17  0:50  Probe  
  18  0:59  Probe  
  19  1:07  Probe  
  20  1:27  Cybernetics Core  
  20  1:34  Nexus  
  20  1:38  Probe  
  21  1:45  Pylon  
  21  1:50  Assimilator  
  21  1:53  Probe  
  22  1:58  Adept  
  22  2:05  Probe  
  25  2:17  Probe  
  25  2:22  Robotics Facility  
  26  2:31  Stalker  
  26  2:33  Probe  
  29  2:43  Probe  
  29  2:45  Probe  
  31  2:57  Probe  
  31  2:58  Sentry  
  32  3:02  Gateway  
  34  3:07  Shield Battery  
  32  3:18  Immortal  
  36  3:25  Shield Battery, Sentry  
  38  3:32  Shield Battery  
  38  3:36  Shield Battery  
  38  3:41  Shield Battery  
  38  3:49  Cybernetics Core  
  38  3:52  Zealot  
  40  3:57  Pylon  
  40  3:59  Immortal  
  44  4:12  Probe  
  45  4:23  Pylon  
  45  4:29  Gateway  
  42  4:37  Shield Battery  
  42  4:38  Pylon  
  37  4:43  Shield Battery  
  37  4:49  Shield Battery  
  32  5:13  Sentry  
  32  5:25  Probe  
  32  5:26  Immortal  
  36  5:31  Pylon  
  36  5:34  Sentry  
  41  5:56  Sentry  
  41  6:01  Probe, Gateway  
  42  6:06  Probe  
  41  6:13  Probe  
  41  6:18  Probe  
  41  6:20  Shield Battery x2  
  41  6:25  Sentry, Probe  
  44  6:29  Pylon, Warp Gate  
  44  6:30  Probe  
  45  6:37  Probe  
  46  6:47  Pylon, Probe  
  48  6:54  Probe  
  44  7:03  Immortal  
  45  7:22  Probe  
  45  7:30  Shield Battery  
  42  7:47  Shield Battery  
  38  7:52  Pylon  
  40  8:10  Pylon  
  40  8:14  Pylon  
  40  8:19  Zealot x2  
  40  8:25  Probe x2  
  40  8:32  Gateway  
  42  8:43  Zealot  
  42  8:44  Zealot  
Tags
 
Add a new tag
Caveats
  • Supply blocks, unpowered buildings, or Contaminate may cause inaccurate times.
  • Supply counts are checked every 10 seconds.